 Dungeon Crawl Stone Soup version 0.30-a0-358-g0d69a1922f (webtiles) character file.

Game seed: 18434854728819795676

759 Gwenloh the Grasshopper (level 7, -2/62 HPs)
             Began as an Armataur Warper on Oct 14, 2022.
             Slain by a killer bee (7 damage)
             ... on level 5 of the Dungeon on Nov 10, 2022.
             The game lasted 00:16:05 (3290 turns).

Gwenloh the Grasshopper (Armataur Warper)           Turns: 3290, Time: 00:16:06

Health: -2/62      AC:  6    Str: 17    XL:     7   Next: 50%
Magic:  5/12       EV:  9    Int: 19    God:
Gold:   174        SH:  0    Dex: 11    Spells: 7/12 levels left

rFire   . . .      SeeInvis .    a - +0 mace
rCold   . . .      Faith    .    (no shield)
rNeg    . . .      Spirit   .    b - +0 leather armour
rPois   .          Reflect  .    g - +0 helmet
rElec   .          Harm     .    (no cloak)
rCorr   .          Roll     +    (no gloves)
Will    .....                    (no barding)
Stlth   +.........               h - amulet of regeneration
HPRegen 1.10/turn                f - +6 ring of intelligence
MPRegen 0.13/turn                k - +4 ring of slaying

@: lethally poisoned (-2 -> -8), on blink cooldown
A: large, rugged brown scales 3, deformed body, armoured tail, roll, long
tongue, awkward tongue
a: no special abilities


You were on level 5 of the Dungeon.
You visited 1 branch of the dungeon, and saw 5 of its levels.

You collected 174 gold pieces.

Inventory:

Hand Weapons
 a - a +0 mace (weapon)
 e - a +0 sling
 w - a +0 executioner's axe
Missiles
 d - 4 boomerangs of dispersal (quivered)
Armour
 b - a +0 leather armour (worn)
 g - a +0 helmet (worn)
 o - a +0 buckler
 s - a +0 ring mail
Jewellery
 f - a +6 ring of intelligence (left hand)
 h - an amulet of regeneration (around neck)
 k - a +4 ring of slaying (right hand)
 q - a ring of protection from cold
Wands
 r - a wand of digging (5)
Scrolls
 c - a scroll of blinking
 j - a scroll of enchant armour {unknown}
 m - a scroll of poison {unknown}
 p - a scroll of immolation {unknown}
 t - 2 scrolls of identify {unknown}
 u - a scroll of brand weapon {unknown}
 x - a scroll of silence {unknown}
Potions
 i - 2 potions of flight
 l - a potion of mutation {unknown}
 n - 2 potions of brilliance {unknown}
 v - a potion of resistance {unknown}
 z - a potion of curing


   Skills:
 * Level 3.6 Fighting
 * Level 3.6 Maces & Flails
 - Level 0.8 Throwing
 * Level 4.4 Armour
 - Level 1.3 Dodging
 * Level 3.4 Spellcasting
 * Level 4.6 Translocations
 * Level 1.5 Air Magic


You had 7 spell levels left.
You knew the following spells:

 Your Spells              Type           Power      Damage    Failure   Level
a - Blink                 Tloc           40%        N/A       4%          2
b - Vhi's Electric Charg  Tloc/Air       28%        N/A       14%         3

Your spell library contained the following spells:

 Spells                   Type           Power      Damage    Failure   Level
 Lesser Beckoning         Tloc           40%        N/A       8%          3
 Teleport Other           Tloc           20%        N/A       8%          3
 Summon Small Mammal      Summ           12%        N/A       17%         1
 Manifold Assault         Tloc           20%        N/A       26%         4
 Call Canine Familiar     Summ           3%         N/A       45%         3
 Dazzling Flash           Conj/Hex       6%         N/A       45%         3
 Summon Guardian Golem    Hex/Summ       3%         N/A       45%         3
 Silence                  Hex/Air        3%         N/A       98%         5
 Agony                    Necr           3%         N/A       99%         5


Dungeon Overview and Level Annotations

Branches:
Dungeon (5/15)
 Temple: D:4-7

Altars:
Kikubaaqudgha
Qazlal
Sif Muna
Vehumet
Xom
The Shining One

Shops:
D:5 *

Annotations:
D:4 exclusion: statue


Innate Abilities, Weirdness & Mutations

You are completely covered in rugged brown scales. (AC +3, +7% HP)
Armour fits poorly on your strangely shaped body.
You have a long armoured tail.
You roll when moving toward enemies. (Rampage)
Your long tongue fully drains potion bottles. (2x potion effects)
Your tongue gives you trouble enunciating. (1.5x scroll delay)


Message History

The killer bee is heavily wounded.
You feel very sick. The killer bee barely misses you.
The jackal bites you but does no damage.
The killer bee completely misses you. The jackal bites you.
You miss the killer bee.
The killer bee is heavily wounded.
You feel sick. The killer bee closely misses you. The killer bee stings you.
The jackal barely misses you. The killer bee stings you!
You are more poisoned.
The killer bee poisons you!
You closely miss the killer bee.
The killer bee is heavily wounded.
You feel very sick. The jackal barely misses you.
The killer bee closely misses you. The jackal barely misses you.
The killer bee stings you.
You closely miss the killer bee.
Your tail-slap misses the killer bee.
The killer bee is heavily wounded.
You feel very sick. The killer bee stings you.
You are more poisoned.
The killer bee poisons you!
The jackal bites you but does no damage.
The killer bee stings you!
* * * LOW HITPOINT WARNING * * *
The jackal closely misses you.
Casting: Vhi's Electric Charge (dangerous; 14% risk of failure)
Confirm with . or Enter, or press ? or * to list all spells.
You blink.
You feel very sick.
You miss the killer bee.
The killer bee is heavily wounded.
You feel very sick. The killer bee stings you.
* * * LOW HITPOINT WARNING * * *
The killer bee stings you.
* * * LOW HITPOINT WARNING * * *
You are lethally poisoned!
The killer bee poisons you! The killer bee stings you!
You die...

#.# #.#
#####.#############
#.................#
#.....yhh..........
#..##.#########....
#hh##.# ... #.y##.#
.. #h@##.# .
#.####...#.#
#..........#
#######..### #....#
##.#.# #.#.# #.#.#
#.#.#


You could see a black bear, a killer bee and 2 jackals.

Vanquished Creatures
  Sigmund (D:2)
  An ice beast (D:5)
  An ogre (D:4)
  A phantom (D:5)
  2 scorpions (D:5)
  A hound (D:4)
  A jelly (D:5)
  9 adders
  2 worms (D:2)
  2 dart slugs (D:2)
  2 orcs (D:5)
  2 endoplasms
  3 giant cockroaches
  9 hobgoblins
  4 jackals (D:4)
  2 quokkas (D:1)
  7 ball pythons
  4 bats
  8 frilled lizards
  3 goblins
  6 kobolds
  6 rats
77 creatures vanquished.

Notes
Turn   | Place    | Note
-------+----------+-------------------------------------------
     0 | D:1      | Gwenloh the Armataur Warper began the quest for the Orb.
     0 | D:1      | Reached XP level 1. HP: 18/18 MP: 3/3
   293 | D:1      | Reached XP level 2. HP: 25/25 MP: 4/4
   645 | D:1      | Learned a level 2 spell: Blink
   724 | D:2      | Noticed Sigmund
   745 | D:2      | Killed Sigmund
   746 | D:2      | Reached XP level 3. HP: 13/32 MP: 4/6
   746 | D:2      | Reached XP level 4. HP: 15/39 MP: 4/7
   746 | D:2      | Reached XP level 5. HP: 19/47 MP: 4/8
   982 | D:2      | You fall into a shaft and drop 1 floor!
  1020 | D:3      | Found a faded altar of an unknown god.
  1178 | D:2      | Found a shimmering altar of Xom.
  1695 | D:3      | Reached XP level 6. HP: 52/54 MP: 10/10
  1703 | D:3      | Learned a level 3 spell: Vhi's Electric Charge
  2455 | D:4      | Found a stormy altar of Qazlal.
  2456 | D:4      | Upgraded the game from 0.30-a0-269-gf0224bf7b6 to
                  | 0.30-a0-279-g4b46babb21
  2456 | D:4      | Upgraded the game from 0.30-a0-279-g4b46babb21 to
                  | 0.30-a0-358-g0d69a1922f
  2534 | D:4      | Found a shimmering blue altar of Sif Muna.
  2744 | D:4      | Found a radiant altar of Vehumet.
  2957 | D:5      | Entered Level 5 of the Dungeon
  2981 | D:5      | Reached skill level 1 in Air Magic
  2981 | D:5      | Reached XP level 7. HP: 38/60 MP: 11/11
  3016 | D:5      | Found Gahojohe's CLEARANCE SALE!.
  3091 | D:5      | Found a glowing golden altar of the Shining One.
  3268 | D:5      | Found an ancient bone altar of Kikubaaqudgha.
  3290 | D:5      | Slain by a killer bee

Illustrated notes

Levels and vault maps discovered:
D:1:      dpeg_arrival_radiant, layout_rooms
D:2:      minmay_spotlight, layout_loops_cross, basic_altar, uniq_sigmund
D:3:      layout_basic, hellmonk_ecumenical_altar_lost_god
D:4:      layout_loops_ring, lemuel_coloured_pillars_altar, tgw_sif,
          vehumet_statue
D:5:      layout_loops_ring, mainiacjoe_overflow_cross_hatched,
          hangedman_feature_mirror, nicolae_shop_clearance

Skill      XL: |  1  2  3  4  5  6 |
---------------+-------------------+-----
Fighting       | 2 3 |  3.6
Maces & Flails | 2 3 |  3.6
Spellcasting   | 2 3 |  3.4
Armour         | 3 4 |  4.4
Translocations | 4 |  4.6
Air Magic      | 1 |  1.5
Throwing       | |  0.8
Dodging        | |  1.3

Action                   |  1- 3 |  4- 6 |  7- 9 || total
-------------------------+-------+-------+-------++-------
Melee: Mace              |    70 |   128 |    30 ||   228
       Tailslap          |     5 |     4 |     3 ||    12
       Punch             |       |     3 |       ||     3
Throw: Boomerang         |       |     2 |     1 ||     3
 Cast: Blink             |     2 |     5 |     4 ||    11
       Vhi's Electric Ch |       |    10 |     5 ||    15
  Use: Potion            |     2 |       |       ||     2
Armor: Leather armour    |    29 |    63 |    13 ||   105
Dodge: Dodged            |    32 |    59 |    28 ||   119

Table legend: (Time is in decaauts)
 A = Elapsed time spent in this place.
 B = Non-inter-level travel time spent in this place.
 C = Inter-level travel time spent in this place.
 D = Time resting spent in this place.
 E = Time spent auto-exploring this place.
 F = Levels seen in this place.
 G = Mean time per level.
                   A        B        C        D        E       F      G
               +--------+--------+--------+--------+--------+-----+--------+
         Total |   3350 |   3262 |     88 |     21 |   2312 |   5 |  670.0 |
       Dungeon |   3350 |   3262 |     88 |     21 |   2312 |   5 |  670.0 |
               +--------+--------+--------+--------+--------+-----+--------+

Top non-repeatable levels by time:
     D:4: 913 daAuts
     D:2: 911 daAuts
     D:1: 666 daAuts
     D:3: 516 daAuts
     D:5: 343 daAuts
